 Dungeon Crawl Stone Soup version 0.21.0-3-g78d12a8 (webtiles) character file.

110227 Flooderbenga the Sharpshooter (level 17, -23/113 HPs)
             Began as a Kobold Hunter on Jan 8, 2018.
             Was a High Priest of Nemelex Xobeh.
             Killed from afar by a frost giant (37 damage)
             ... with a bolt of cold
             ... on level 15 of the Dungeon on Jan 9, 2018.
             The game lasted 07:08:15 (55389 turns).

Flooderbenga the Sharpshooter (Kobold Hunter)      Turns: 55389, Time: 07:08:15

Health: -23/113    AC: 29    Str: 12    XL:     17   Next: 9%
Magic:  9/25       EV: 12    Int: 14    God:    Nemelex Xobeh [*****.]
Gold:   517        SH:  0    Dex: 26    Spells: 11/27 levels left

rFire    . . .     SeeInvis +   a - +9 arbalest
rCold    . . .     Gourm    .   (shield currently unavailable)
rNeg     . . .     Faith    +   O - +6 plate armour "Kuleett" {Dex+2}
rPois    .         Spirit   .   (helmet restricted)
rElec    .         Reflect  .   C - +1 cloak of Parlour Games {rCorr Int+2}
rCorr    +         Harm     .   u - +0 pair of gloves
MR       +....     Clarity  +   T - +2 pair of boots {run}
Stlth    ..........             V - amulet of faith
HPRegen  0.28/turn              B - ring of see invisible
MPRegen  0.19/turn              J - +4 ring of dexterity

@: starving, quick
A: small, antennae 1, thin metallic scales 1, carnivore, clarity, mutation
resistance 1
a: Triple Draw, Deal Four, Stack Five, Renounce Religion


You were on level 15 of the Dungeon.
You worshipped Nemelex Xobeh.
Nemelex Xobeh was extremely pleased with you.
You were starving.

You visited 5 branches of the dungeon, and saw 27 of its levels.
You also visited: Labyrinth and Bailey.

You collected 2626 gold pieces.
You spent 2109 gold pieces at shops.

Inventory:

Hand Weapons
 a - a +9 arbalest (weapon)
 b - a +1 dagger of venom
 i - a +0 demon trident of electrocution
Missiles
 g - 752 stones
 m - 43 bolts (quivered)
Armour
 s - a +2 leather armour of poison resistance
 u - a +0 pair of gloves (worn)
 C - the +1 cloak of Parlour Games (worn) {rCorr Int+2}
   (You found it in a labyrinth)

   It affects your intelligence (+2).
   It protects you from acid and corrosion.
 O - the +6 plate armour "Kuleett" (worn) {Dex+2}
   (You bought it in a shop on level 2 of the Orcish Mines)

   It affects your dexterity (+2).
 T - a +2 pair of boots of running (worn)
Jewellery
 e - an uncursed ring of wizardry
 B - a ring of see invisible (left hand)
 J - a +4 ring of dexterity (right hand)
 V - an amulet of faith (around neck)
Wands
 n - a wand of digging (22) {@v4}
 z - a wand of acid (7)
 Y - a wand of paralysis (7)
Scrolls
 h - 4 scrolls of fog {@r4}
 l - 10 scrolls of teleportation {@r3}
 r - a scroll of identify {@r1}
 t - 2 scrolls of blinking {@r4}
 w - 4 scrolls of summoning
 x - 6 scrolls of enchant armour
 y - a scroll of holy word
 A - a scroll of fear {@r5}
 E - 6 scrolls of amnesia
 G - a scroll of magic mapping
 K - 5 scrolls of remove curse {@r2}
 U - 3 scrolls of silence
Potions
 c - a potion of magic
 d - 2 potions of cancellation
 j - 6 potions of agility {@q5}
 p - 6 potions of haste {@q3}
 q - 11 potions of curing {@q1}
 v - 4 potions of might {@q4}
 D - 3 potions of invisibility
 F - a potion of ambrosia
 I - a potion of lignification
 Q - 2 potions of brilliance
 W - 2 potions of resistance
Miscellaneous
 H - an ornate deck of summoning {the Illusion, left: 1}
 L - an ornate deck of escape
 R - a plain deck of escape {the Elixir, left: 2}
 Z - an ornate deck of destruction
Comestibles
 f - 35 rations
 k - 4 chunks of flesh


   Skills:
 - Level 15.0 Fighting
 - Level 6.2 Short Blades
 * Level 2.7 Polearms
 - Level 15.7 Crossbows
 * Level 8.5 Armour
 - Level 12.6 Dodging
 + Level 6.3 Stealth
 - Level 5.7 Spellcasting
 - Level 5.0 Hexes
 - Level 3.0 Charms
 - Level 2.0 Summonings
 - Level 5.0 Necromancy
 - Level 5.2 Translocations
 - Level 2.0 Transmutations
 - Level 2.0 Air Magic
 - Level 2.0 Earth Magic
 - Level 2.0 Poison Magic
 - Level 9.4 Invocations
 - Level 3.0 Evocations


You had 11 spell levels left.
You knew the following spells:

 Your Spells              Type           Power        Failure   Level  Hunger
a - Summon Butterflies    Summ           #.......     100%        1    None
b - Poisonous Vapours     Pois/Air       #.....       100%        2    #......
c - Animate Skeleton      Necr           N/A          89%         1    None
d - Portal Projectile     Hex/Tloc       ###...       99%         3    ###....
e - Passage of Golubria   Tloc           N/A          100%        4    ####...
p - Passwall              Tmut/Erth      #.........   100%        2    #......
r - Regeneration          Chrm/Necr      ###.......   100%        3    ###....


Dungeon Overview and Level Annotations

Branches:
Dungeon (15/15)            Temple (1/1) D:6            Lair (6/6) D:8
 Shoals (0/4) Lair:4       Spider (3/4) Lair:4        Slime (0/5) Lair:5
    Orc (2/2) D:10            Elf (0/3) Orc:2        Vaults (0/5) D:14
 Depths: D:15

Altars:
Ashenzari
Cheibriados
Dithmenos
Elyvilon
Fedhas
Gozag
Hepliaklqana
Kikubaaqudgha
Makhleb
Nemelex Xobeh
Okawaru
Qazlal
Ru
Sif Muna
Trog
Uskayaw
Vehumet
Wu Jian
Xom
Yredelemnul
Zin
The Shining One
Beogh

Shops:
D:6 [   D:10 (   Orc:1 !   Orc:2 :(*[

Annotations:
D:4 Ijyb


Innate Abilities, Weirdness & Mutations

You are small and have problems with some larger weapons.
You are carnivorous and can eat meat at any time.
You have a pair of small antennae on your head.
You are partially covered in thin metallic scales. (AC +2)
You possess an exceptional clarity of mind.
You are somewhat resistant to further mutation.


Message History

Aim: a frost giant, wielding a battleaxe of freezing (thunder, moderately wounded, slow, encased in ice, covered in acid)
The bolt of acid hits the frost giant.
The frost giant is splashed with acid.
The acid corrodes the frost giant!
You deal a card...
It is the Orb.
The deck of cards glows with a rainbow of weird colours and disappears.
You have dealt the Orb.
Aim: a frost giant, wielding a battleaxe of freezing (thunder, severely wounded, slow, encased in ice, covered in acid)
The wavering orb of destruction weakly hits the frost giant.
Nemelex gives you another card to finish dealing.
You deal a card...
You have dealt Famine.
You are starving!
Lightning arcs down from a storm cloud!
You now have 9/25 mp.
Okay, then.
Unknown command.
Aim: a frost giant, wielding a battleaxe of freezing (thunder, almost dead, slow, encased in ice, covered in acid)
The bolt of acid hits the frost giant.
The frost giant is splashed with acid.
The frost giant gestures at you while chanting.
The bolt of cold hits you!
You die...
Your body glows with a rainbow of weird colours and disappears.

.##... # # ....(.
#..##
......###.#..##
.......#.#.....
...............
#......(....... .
#..#....# .....
..#....#####.....
......#@##(.....
....§§C##)#
...###§§.)##


.uY . ..###((..†### ul. #. .(..(.......##.. ..# .. ...(()..).[.....# ..# #..
...)......###.### ..#.. ...)....<.# #.# .(. ..(.......##.# ##(# You could see a
frost giant.

Vanquished Creatures
  Rupert (Lair:3)
  Asterion (Spider:2)
  Agnes (D:15)
  2 entropy weavers
  A minotaur (Lab)
  The ghost of Crelarid the Thaumaturge, a journeyman GnSk of Fedhas (Spider:1)
  2 centaur warriors (D:13)
  A dancing weapon (D:14)
  2 tengu warriors (D:14)
  2 orc high priests (Orc:2)
  Nergalle (Orc:1)
  4 skeletal warriors
  3 unseen horrors
  A lindwurm (Lair:6)
  7 orc knights
  7 orb spiders
  4 orc sorcerers (Orc:2)
  A deep elf mage (D:11)
  17 wolf spiders
  3 ugly things
  4 cyclopes
  3 manticores
  2 black mambas
  Maurice (D:10)
  6 spiny frogs
  A torpor snail (Lair:5)
  2 centaur skeletons
  8 komodo dragons
  3 rime drakes
  A yaktaur (D:15)
  5 demonic crawlers
  2 tengu conjurers
  2 freezing wraiths
  15 jumping spiders
  7 trolls
  3 blink frogs (Lair:1)
  A hornet (D:10)
  2 dream sheep (Lair:5)
  6 hippogriffs
  Sigmund (D:3)
  45 redbacks
  4 wyverns
  A human (D:7)
  A shadow (D:14)
  6 tarantellas
  A human (shapeshifter) (D:15)
  4 basilisks
  5 wraiths
  3 hogs
  2 hungry ghosts
  40 yaks
  Grum (D:11)
  A vampire mosquito (D:15)
  2 wargs
  3 acid dragons
  14 orc warriors
  13 water moccasins
  11 porcupines
  3 phantoms (D:10)
  4 sky beasts
  A hornet zombie (D:13)
  An ice beast (D:8)
  2 black bears
  2 necrophages
  9 ogres
  5 centaurs
  31 wolves
  3 crocodiles
  2 big kobolds
  11 bullfrogs
  An earth elemental (Lab)
  A water moccasin zombie (D:7)
  2 scorpions
  A wyvern skeleton (D:15)
  6 killer bees (D:8)
  3 troll zombies (D:10)
  6 wights
  5 howler monkeys
  7 electric eels
  5 lava snakes (Lair:6)
  5 crimson imps
  2 quasits
  3 centaur zombies
  A bullfrog skeleton (D:8)
  3 jellies
  17 orc priests
  14 hounds
  2 iguanas
  12 orc wizards
  10 worker ants
  5 ogre zombies (D:10)
  A hound skeleton (D:8)
  A howler monkey zombie (D:11)
  A worker ant zombie (D:8)
  4 gnolls (D:4)
  7 adders
  3 shadow imps
  An adder skeleton (D:7)
  6 dart slugs
  4 leopard geckos
  62 orcs
  2 ball pythons
  7 bats
  3 giant cockroaches
  13 goblins
  3 hobgoblins
  6 jackals
  4 quokkas
  A ball python skeleton (D:4)
  5 frilled lizards
  2 goblin skeletons (D:10)
  3 hobgoblin zombies (D:10)
  14 kobolds
  2 leopard gecko skeletons
  3 orc skeletons (D:10)
  14 orc zombies (D:10)
  2 quokka skeletons
  5 rats
  A plant (Lair:5)
659 creatures vanquished.

Vanquished Creatures (collateral kills)
  Arachne (Spider:2)
  Louise (Spider:2)
  An orc warlord (Orc:2)
  Nessos (D:15)
  Josephine (D:10)
  2 fire dragons
  Erolcha (Orc:1)
  The ghost of Mgcat the Cleaver, a journeyman HuBe of Trog (D:10)
  6 hydras
  A spark wasp (D:15)
  A catoblepas (D:15)
  A dancing weapon (D:14)
  A death knight (D:13)
  2 two-headed ogres
  An orc high priest (Orc:2)
  10 skeletal warriors
  An unseen horror (D:10)
  A harpy (shapeshifter) (D:15)
  A swamp dragon (Bailey)
  3 orc knights
  A phantasmal warrior (D:13)
  2 ugly things (D:15)
  An orb spider (Spider:1)
  An orc sorcerer (D:15)
  A merfolk siren (Lair:4)
  Joseph (D:7)
  3 black mambas
  3 molten gargoyles (Lair:6)
  9 spiny frogs
  A komodo dragon (Lair:6)
  A kobold demonologist (D:15)
  A demonic crawler (Spider:2)
  A freezing wraith (D:13)
  A wolf spider (D:15)
  2 trolls
  2 slime creatures (D:14)
  Grinder (D:3)
  2 hippogriffs
  A hornet (D:8)
  A dream sheep (Lair:5)
  10 redbacks
  A tarantella (Spider:2)
  3 wraiths (D:10)
  4 yaks (Lair:5)
  3 basilisks
  6 vampire mosquitoes
  A steam dragon (Lair:6)
  3 hell hounds (Lair:6)
  3 water moccasins
  21 orc warriors
  A porcupine (Lair:1)
  An ice beast (D:6)
  2 ogres
  3 wolves (Lair:4)
  A centaur (D:6)
  3 crocodiles
  A big kobold (D:8)
  4 bullfrogs
  A wyvern zombie (D:15)
  A scorpion (D:12)
  6 wights
  An electric eel (Lair:5)
  A crimson imp (D:6)
  A howler monkey (D:10)
  2 bullfrog zombies
  7 orc priests
  A hound (D:8)
  2 centaur skeletons
  Terence (D:2)
  7 orc wizards
  An adder (D:6)
  31 orcs
  A giant cockroach (D:3)
  A hobgoblin zombie (D:10)
  A jackal zombie (D:5)
  4 kobolds
  2 orc zombies (D:10)
  A rat (D:3)
  A fungus (Lair:6)
219 creatures vanquished.

Vanquished Creatures (others)
  A skeletal warrior (D:11)
  A black mamba (Lair:6)
  A redback (Spider:2)
  A ball lightning (Spider:2)
  19 fungi
  7 plants
30 creatures vanquished.

Grand Total: 908 creatures vanquished

Notes
Turn   | Place    | Note
-------+----------+-------------------------------------------
     0 | D:1      | Flooderbenga the Kobold Hunter began the quest for the Orb.
     0 | D:1      | Reached XP level 1. HP: 12/12 MP: 1/1
    64 | D:1      | Reached skill level 5 in Crossbows
   150 | D:1      | Reached XP level 2. HP: 18/18 MP: 2/2
   798 | D:1      | Reached XP level 3. HP: 16/22 MP: 3/3
  1201 | D:2      | Noticed Sigmund
  1381 | D:2      | Found a sparkling altar of Nemelex Xobeh.
  1385 | D:2      | Became a worshipper of Nemelex Xobeh the Trickster
  1541 | D:3      | Received a gift from Nemelex Xobeh
  1756 | D:2      | Found a stormy altar of Qazlal.
  1806 | D:2      | Received a gift from Nemelex Xobeh
  1909 | D:2      | Reached XP level 4. HP: 27/27 MP: 4/4
  1998 | D:2      | Reached * piety under Nemelex Xobeh
  2416 | D:2      | Found a deep blue altar of Sif Muna.
  2416 | D:2      | Noticed Terence
  2447 | D:2      | Killed Terence
  2447 | D:2      | Reached skill level 1 in Invocations
  2447 | D:2      | Reached XP level 5. HP: 7/32 MP: 5/5
  2762 | D:3      | Noticed Grinder
  2762 | D:3      | Paralysed by Grinder for 2 turns
  2818 | D:3      | Killed Sigmund
  2818 | D:3      | Reached XP level 6. HP: 20/37 MP: 5/7
  2853 | D:3      | Found a shadowy altar of Dithmenos.
  3122 | D:4      | Found a sparkling altar of Nemelex Xobeh.
  3900 | D:4      | Reached XP level 7. HP: 38/42 MP: 8/8
  4067 | D:4      | Noticed Ijyb
  4108 | D:4      | Reached skill level 1 in Short Blades
  4139 | D:4      | Found a basalt altar of Yredelemnul.
  4257 | D:5      | Entered Level 5 of the Dungeon
  4467 | D:5      | Found a glowing silver altar of Zin.
  4733 | D:5      | Received a gift from Nemelex Xobeh
  4828 | D:5      | Reached ** piety under Nemelex Xobeh
  5153 | D:6      | Found a staircase to the Ecumenical Temple.
  5163 | Temple   | Entered the Ecumenical Temple
  5341 | Temple   | Received a gift from Nemelex Xobeh
  5517 | D:6      | Found Guceusch's Armour Shoppe.
  5526 | D:6      | Noticed a water moccasin
  6540 | D:3      | Noticed an insubstantial wisp
  6548 | D:3      | Killed Grinder
  6548 | D:3      | Reached skill level 1 in Evocations
  6548 | D:3      | Reached XP level 8. HP: 45/48 MP: 8/10
  7011 | D:6      | Reached skill level 5 in Stealth
  7137 | D:6      | Reached skill level 5 in Dodging
  7654 | D:6      | Reached skill level 5 in Fighting
  7950 | D:6      | Found a hazy altar of Hepliaklqana.
  8015 | D:7      | Noticed a hippogriff
  8123 | D:7      | Reached XP level 9. HP: 34/54 MP: 11/11
  8310 | D:7      | Found an opulent altar of Gozag.
  8375 | D:7      | Received a gift from Nemelex Xobeh
  8629 | D:7      | Noticed a two-headed ogre
  9259 | D:7      | Noticed Joseph
  9346 | D:6      | Gained mutation: You have a pair of small antennae on your head. [potion of mutation]
  9346 | D:6      | Gained mutation: You possess an exceptional clarity of mind. [potion of mutation]
  9346 | D:6      | Gained mutation: You are partially covered in thin metallic scales. (AC +2) [potion of mutation]
  9346 | D:6      | Gained mutation: You are somewhat resistant to further mutation. [potion of mutation]
  9819 | D:6      | Reached skill level 5 in Invocations
 10339 | D:7      | Killed Joseph
 10339 | D:7      | Reached skill level 10 in Crossbows
 10378 | D:7      | Killed a two-headed ogre
 10378 | D:7      | Reached XP level 10. HP: 63/63 MP: 12/14
 11112 | D:8      | Reached *** piety under Nemelex Xobeh
 11317 | D:8      | Noticed a two-headed ogre
 11323 | D:8      | Killed a two-headed ogre
 11610 | D:8      | Reached skill level 10 in Fighting
 12543 | D:8      | Found a staircase to the Lair.
 12622 | D:8      | Found an ornate altar of the Wu Jian Council.
 12663 | D:8      | Found a snail-covered altar of Cheibriados.
 13191 | D:9      | Received a gift from Nemelex Xobeh
 13212 | D:9      | Reached XP level 11. HP: 74/74 MP: 16/16
 13628 | D:9      | Reached **** piety under Nemelex Xobeh
 14125 | D:9      | Received a gift from Nemelex Xobeh
 14165 | D:10     | Entered Level 10 of the Dungeon
 14280 | D:6      | Bought a +2 pair of boots of running for 498 gold pieces
 14280 | D:6      | Bought a +0 cloak for 54 gold pieces
 14598 | D:10     | Noticed Maurice
 14754 | D:10     | Noticed Mgcat's ghost (journeyman HuBe)
 14819 | D:10     | Found Kemirgh's Antique Weapon Shop.
 14873 | D:10     | Found a white marble altar of Elyvilon.
 14879 | D:10     | Noticed Josephine
 14888 | D:10     | Reached skill level 1 in Armour
 14890 | D:10     | Killed Josephine
 15495 | D:10     | Found a staircase to the Orcish Mines.
 16249 | D:10     | Received a gift from Nemelex Xobeh
 16525 | Lair:1   | Entered Level 1 of the Lair of Beasts
 16564 | Lair:1   | Learned a level 1 spell: Summon Butterflies
 16568 | Lair:1   | Learned a level 2 spell: Poisonous Vapours
 16574 | Lair:1   | Noticed a four-headed hydra
 16931 | Lair:1   | Reached skill level 1 in Spellcasting
 16931 | Lair:1   | Reached skill level 1 in Air Magic
 16947 | Lair:1   | Reached skill level 1 in Summonings
 16947 | Lair:1   | Reached skill level 1 in Poison Magic
 16998 | Lair:1   | Reached ***** piety under Nemelex Xobeh
 16998 | Lair:1   | Received a gift from Nemelex Xobeh
 17489 | Lair:1   | Reached XP level 12. HP: 59/81 MP: 17/17
 17729 | Lair:1   | Killed a four-headed hydra
 18191 | Lair:1   | Noticed an eight-headed hydra
 18222 | Lair:1   | Killed an eight-headed hydra
 20052 | Lair:1   | Reached skill level 5 in Short Blades
 20381 | Lair:2   | Received a gift from Nemelex Xobeh
 20693 | Lair:2   | Noticed a four-headed hydra
 21083 | Lair:2   | Killed a four-headed hydra
 21502 | Lair:3   | Received a gift from Nemelex Xobeh
 21608 | Lair:3   | Found a labyrinth entrance.
 21623 | Lab      | Entered a labyrinth
 21639 | Lab      | Received a gift from Nemelex Xobeh
 22016 | Lab      | Received a gift from Nemelex Xobeh
 22035 | Lab      | Noticed a minotaur
 22055 | Lab      | Killed a minotaur
 22108 | Lab      | Got a slimy cloak
 22119 | Lab      | Identified the +1 cloak of Parlour Games {rCorr Int+2} (You found it in a labyrinth)
 22151 | Lair:3   | Learned a level 1 spell: Animate Skeleton
 22155 | Lair:3   | Learned a level 3 spell: Portal Projectile
 22160 | Lair:3   | Learned a level 3 spell: Regeneration
 22176 | Lair:3   | Identified the Handbook of Freezing Unholy Secrets
 22215 | Lair:3   | Noticed Rupert
 22554 | Lair:3   | Received a gift from Nemelex Xobeh
 22613 | Lair:3   | Reached skill level 1 in Necromancy
 22613 | Lair:3   | Reached skill level 1 in Translocations
 22840 | Lair:3   | Reached skill level 1 in Hexes
 22948 | Lair:3   | Noticed a five-headed hydra
 22956 | Lair:3   | Killed a five-headed hydra
 22956 | Lair:3   | Reached skill level 1 in Charms
 22956 | Lair:3   | Reached XP level 13. HP: 84/88 MP: 18/18
 23194 | Lair:4   | Reached ****** piety under Nemelex Xobeh
 23194 | Lair:4   | Received a gift from Nemelex Xobeh
 23713 | Lair:4   | Received a gift from Nemelex Xobeh
 24081 | Lair:4   | Found a hole to the Spider Nest.
 24123 | Lair:4   | Received a gift from Nemelex Xobeh
 24318 | Lair:4   | Found a staircase to the Shoals.
 25399 | Lair:5   | Received a gift from Nemelex Xobeh
 25747 | Lair:5   | Found a staircase to the Slime Pits.
 26391 | Lair:5   | Received a gift from Nemelex Xobeh
 26569 | Lair:5   | Noticed a fire dragon
 26575 | Lair:5   | You fall through a shaft!
 26575 | Lair:6   | Entered Level 6 of the Lair of Beasts
 26902 | Lair:6   | Received a gift from Nemelex Xobeh
 26963 | Lair:6   | Reached skill level 10 in Dodging
 27191 | Lair:6   | Noticed a four-headed hydra
 27201 | Lair:6   | Killed a four-headed hydra
 27246 | Lair:6   | Received a gift from Nemelex Xobeh
 28320 | Lair:6   | Found a large runed door.
 28335 | Lair:6   | Noticed a fire dragon
 28463 | Lair:6   | Found a large runed door.
 28713 | Lair:6   | Noticed a four-headed hydra
 28746 | Lair:6   | Killed a four-headed hydra
 28807 | Lair:6   | Killed a fire dragon
 28825 | Lair:6   | Learned a level 4 spell: Passage of Golubria
 29032 | Lair:6   | Received a gift from Nemelex Xobeh
 29595 | Lair:5   | Killed a fire dragon
 29595 | Lair:5   | Reached XP level 14. HP: 91/95 MP: 5/19
 30271 | Lair:3   | Paralysed by Rupert for 7 turns
 30286 | Lair:3   | Paralysed by Rupert for 3 turns
 30290 | Lair:3   | Killed Rupert
 30825 | D:10     | Killed Mgcat's ghost
 31199 | D:10     | Killed Maurice
 31442 | D:11     | Found a flagged portal.
 31461 | D:10     | Reached skill level 5 in Necromancy
 31568 | D:11     | Reached skill level 5 in Hexes
 31568 | D:11     | Reached skill level 5 in Translocations
 31633 | Bailey   | Entered a bailey
 32930 | D:11     | Received a gift from Nemelex Xobeh
 33937 | D:11     | Noticed Grum
 33951 | D:11     | Killed Grum
 34306 | D:11     | Reached skill level 5 in Spellcasting
 34749 | D:12     | Received a gift from Nemelex Xobeh
 34762 | D:12     | Learned a level 2 spell: Passwall
 35220 | D:10     | Bought a runed hand crossbow for 201 gold pieces
 36249 | D:13     | Received a gift from Nemelex Xobeh
 36576 | D:13     | Found a sparkling altar of Nemelex Xobeh.
 36888 | D:13     | Received a gift from Nemelex Xobeh
 37733 | D:13     | Reached XP level 15. HP: 99/101 MP: 22/22
 37842 | D:13     | You fall through a shaft!
 37849 | D:14     | Received a gift from Nemelex Xobeh
 39942 | D:14     | Received a gift from Nemelex Xobeh
 39961 | D:14     | Found a gate to the Vaults.
 40398 | D:14     | Reached skill level 15 in Fighting
 40639 | D:6      | Bought a +0 pair of gloves for 54 gold pieces
 41252 | Orc:1    | Entered Level 1 of the Orcish Mines
 41512 | Orc:2    | Entered Level 2 of the Orcish Mines
 42044 | Orc:2    | Found a staircase to the Elven Halls.
 42823 | Orc:1    | Found Sagyo's Distillery.
 43262 | Orc:1    | Found a roughly hewn altar of Beogh.
 43263 | Orc:1    | Bought a potion of magic for 112 gold pieces
 43277 | Orc:1    | Received a gift from Nemelex Xobeh
 43296 | Orc:1    | Noticed Erolcha
 43304 | Orc:1    | Killed Erolcha
 43331 | Orc:1    | Reached skill level 1 in Transmutations
 43331 | Orc:1    | Reached skill level 1 in Earth Magic
 43348 | Orc:1    | Noticed Nergalle
 43439 | Orc:1    | Killed Nergalle
 45082 | Orc:2    | Paralysed by an orc sorcerer for 2 turns
 45089 | Orc:2    | Noticed an orc warlord
 45096 | Orc:2    | Killed an orc warlord
 45696 | Orc:2    | Found Taselufa's General Store.
 45697 | Orc:2    | Found Seduskea's Book Emporium.
 45699 | Orc:2    | Found Cieze's Antique Armour Shoppe.
 45699 | Orc:2    | Found Teghul's Antique Weapon Shoppe.
 45895 | Orc:2    | Bought a scorched plate armour for 672 gold pieces
 45906 | Orc:2    | Identified the +6 plate armour "Kuleett" {Dex+2} (You bought it in a shop on level 2 of the Orcish Mines)
 45915 | Orc:2    | Bought a scroll of identify for 32 gold pieces
 46559 | Spider:1 | Entered Level 1 of the Spider Nest
 47426 | Lair:4   | Reached skill level 5 in Armour
 47757 | Spider:1 | Reached XP level 16. HP: 88/106 MP: 8/24
 49349 | Spider:1 | Noticed Crelarid's ghost (journeyman GnSk)
 49361 | Spider:1 | Killed Crelarid's ghost
 49382 | Spider:1 | Received a gift from Nemelex Xobeh
 49816 | Spider:1 | Received a gift from Nemelex Xobeh
 50114 | Spider:1 | HP: 5/108 [poisoned by a redback]
 50119 | Spider:1 | HP: 4/108 [poisoned by a redback]
 50124 | Spider:1 | HP: 3/108 [poisoned by a redback]
 50131 | Spider:1 | HP: 3/108 [poisoned by a redback]
 50139 | Spider:1 | HP: 3/108 [poisoned by a redback]
 51246 | Spider:2 | Reached skill level 15 in Crossbows
 51378 | Spider:2 | Noticed Arachne
 51405 | Spider:2 | Killed Arachne
 52089 | Spider:2 | Noticed Louise
 52167 | Spider:2 | Noticed Asterion
 52179 | Spider:2 | Killed Asterion
 52204 | Spider:2 | Killed Louise
 52350 | Spider:2 | Received a gift from Nemelex Xobeh
 53349 | Spider:3 | Received a gift from Nemelex Xobeh
 53583 | Orc:2    | Bought a runed demon trident for 486 gold pieces
 53762 | D:15     | Entered Level 15 of the Dungeon
 54254 | D:15     | Noticed Agnes
 54262 | D:15     | Killed Agnes
 54262 | D:15     | Reached skill level 1 in Polearms
 54528 | D:15     | Noticed Nessos
 54544 | D:14     | HP: 5/108 [poisoned by Nessos]
 54549 | D:14     | HP: 5/108 [poisoned by Nessos]
 54557 | D:14     | HP: 5/108 [poisoned by Nessos]
 55054 | D:15     | Killed Nessos
 55097 | D:15     | Reached XP level 17. HP: 77/113 MP: 25/25
 55389 | D:15     | Killed from afar by a frost giant

Skill      XL: |  1  2  3  4  5  6  7  8  9 10 11 12 13 14 15 16 17 |
---------------+----------------------------------------------------+-----
Crossbows      | 5 6 7 8 10 11 13 15 | 15.7
Stealth        | 2 3 4 5 6 |  6.3
Dodging        | 3 4 5 7 9 10 12 | 12.6
Fighting       | 3 4 5 7 11 12 13 14 15 | 15.0
Invocations    | 1 2 3 6 7 8 9 |  9.4
Short Blades   | 1 3 6 |  6.2
Evocations     | 1 3 |  3.0
Armour         | 2 4 5 8 |  8.5
Spellcasting   | 1 2 5 |  5.7
Air Magic      | 1 2 |  2.0
Summonings     | 1 2 |  2.0
Poison Magic   | 1 2 |  2.0
Necromancy     | 1 4 5 |  5.0
Translocations | 1 4 5 |  5.2
Hexes          | 1 4 5 |  5.0
Charms         | 1 2 3 |  3.0
Transmutations | 2 |  2.0
Earth Magic    | 2 |  2.0
Polearms       | 2 |  2.7

Action                   |  1- 3 |  4- 6 |  7- 9 | 10-12 | 13-15 | 16-18 || total
-------------------------+-------+-------+-------+-------+-------+-------++-------
Melee: Short sword       |   100 |    52 |       |       |       |       ||   152
       Dagger            |       |    34 |   215 |  1046 |  1461 |   325 ||  3081
       Demon trident     |       |       |       |       |       |    34 ||    34
 Fire: Hand crossbow     |    43 |    33 |   104 |   324 |   179 |       ||   683
       Arbalest          |       |       |       |       |   122 |   142 ||   264
Throw: Stone             |       |     5 |    26 |    46 |    85 |    10 ||   172
       Tomahawk          |       |       |       |     2 |       |       ||     2
 Cast: Summon Butterflie |       |       |       |     1 |     1 |       ||     2
       Poisonous Vapours |       |       |       |    17 |   379 |    99 ||   495
       Portal Projectile |       |       |       |       |    45 |     8 ||    53
       Animate Skeleton  |       |       |       |       |    31 |       ||    31
       Regeneration      |       |       |       |       |    22 |     5 ||    27
       Passage of Golubr |       |       |       |       |     1 |       ||     1
Invok: Stack Five        |       |       |       |       |     1 |     1 ||     2
       Deal Four         |       |       |       |       |     1 |     5 ||     6
       Triple Draw       |       |       |       |       |       |     1 ||     1
 Abil: Evoke Flight      |       |       |       |       |     2 |       ||     2
Evoke: Deck              |       |     5 |    10 |    25 |    96 |    26 ||   162
       Wand              |       |       |     4 |    46 |    12 |     8 ||    70
  Use: Potion            |       |       |     4 |       |     1 |    10 ||    15
       Scroll            |       |       |       |    11 |    15 |    13 ||    39
 Stab: Sleeping          |     1 |     2 |     2 |     3 |    11 |       ||    19
       Distracted        |       |       |       |     2 |     7 |       ||     9
       Paralysed         |       |       |       |     4 |       |       ||     4
       Petrified         |       |       |       |     4 |     2 |     1 ||     7
       Held in net/web   |       |       |       |       |       |     2 ||     2
  Eat: Chunk             |    11 |     7 |    19 |    44 |    91 |    29 ||   201
       Ration            |       |       |       |       |       |     9 ||     9
Armor: Leather armour    |    38 |    13 |    27 |   112 |    97 |    92 ||   379
       Troll leather arm |       |       |       |   122 |       |       ||   122
       Robe              |       |       |       |       |   112 |       ||   112
       Plate armour      |       |       |       |       |       |    88 ||    88
       Skin              |       |       |       |       |       |    38 ||    38
Dodge: Dodged            |   116 |    90 |   209 |   966 |  1558 |   674 ||  3613
